 Dungeon Crawl Stone Soup version 0.26.1-11-gd32895ea62 (webtiles) character file.

Game seed: 3477640920499652591

51 dtburroughs the Chopper (level 3, -4/49 HPs)
             Began as a Minotaur Berserker on June 21, 2021.
             Was a Follower of Trog.
             Killed from afar by an orc wizard (7 damage)
             ... with a magic dart
             ... on level 3 of the Dungeon.
             The game lasted 00:03:02 (1752 turns).

dtburroughs the Chopper (Minotaur Berserker)        Turns: 1752, Time: 00:03:02

Health: -4/49      AC:  5    Str: 21    XL:     3   Next: 57%
Magic:  2/2        EV: 12    Int:  5    God:    Trog [*.....]
Gold:   182        SH:  0    Dex:  9    Spells: 2/2 levels left

rFire    . . .     SeeInvis .   a - +0 hand axe
rCold    . . .     Faith    .   (no shield)
rNeg     . . .     Spirit   .   k - +0 ring mail
rPois    .         Reflect  .   (helmet restricted)
rElec    .         Harm     .   (no cloak)
rCorr    .         Rampage  .   (no gloves)
Will     .....                  (no boots)
Stlth    ..........             f - amulet of regeneration
HPRegen  0.56/turn              (no ring)
MPRegen  0.08/turn              (no ring)

@: berserking, slowed
A: retaliatory headbutt, horns 2
a: Renounce Religion, Berserk


You were on level 3 of the Dungeon.
You worshipped Trog.
Trog was aware of your devotion.
You visited 1 branch of the dungeon, and saw 3 of its levels.

You collected 182 gold pieces.

Inventory:

Hand Weapons
 a - a +0 hand axe (weapon)
Armour
 k - a +0 ring mail (worn)
Jewellery
 f - an amulet of regeneration (around neck)
Wands
 j - a wand of acid (18)
Scrolls
 b - 2 scrolls of fear {unknown}
 c - 5 scrolls of identify {unknown}
 d - 2 scrolls of immolation {unknown}
 e - a scroll of teleportation {unknown}
 g - a scroll of fog {unknown}
 h - a scroll of random uselessness {unknown}
 i - a scroll of remove curse {unknown}
 l - a scroll of amnesia {unknown}
Potions
 m - a potion of curing {unknown}
 n - a potion of invisibility {unknown}


   Skills:
 + Level 4.1 Fighting
 + Level 4.2 Axes
 + Level 3.2 Armour
 + Level 2.9 Dodging


You had 2 spell levels left.
You didn't know any spells.
Your spell library was empty.

Dungeon Overview and Level Annotations

Branches:
Dungeon (3/15)

Altars:


Innate Abilities, Weirdness & Mutations

You reflexively headbutt those who attack you in melee.
You have a pair of horns on your head.


Message History

The orc priest is moderately wounded.
You hit the orc wizard but do no damage.
The orc wizard points at you and mumbles some strange words.
The magic dart hits you.
* * * LOW HITPOINT WARNING * * *
The orc priest hits you.
* * * LOW HITPOINT WARNING * * *
The orc wizard mumbles some strange words.
The orc wizard blinks!
The orc priest barely misses you.
You hit the orc priest. Your headbutt misses the orc priest.
The orc priest is heavily wounded.
The orc priest closely misses you.
The orc wizard hits you but does no damage.
A red film seems to cover your vision as you go berserk!
You feel yourself moving faster!
You feel mighty! The orc wizard closely misses you.
The orc priest hits you but does no damage.
The orc wizard casts a spell at you. The magic dart hits you!
You die...

#........##.........
#........##.####.#####
#........##.#........#
#........##..........#
###########..........#
#..........#
#..........#
#.#...o....#
#.####@##### #.# #o#
#.. ... ### ##.## #.#
#.# #.# #.#


You could see an orc priest and an orc wizard (fast).

Vanquished Creatures
  An adder (D:2)
  3 dart slugs (D:1)
  3 orcs (D:3)
  A giant cockroach (D:1)
  5 goblins
  4 hobgoblins
  A quokka (D:2)
  A bat (D:1)
  7 frilled lizards
  2 kobolds
  8 rats
36 creatures vanquished.

Notes
Turn   | Place    | Note
-------+----------+-------------------------------------------
     0 | D:1      | dtburroughs the Minotaur Berserker began the quest for the
                  | Orb.
     0 | D:1      | Reached XP level 1. HP: 19/19 MP: 0/0
   326 | D:1      | Reached XP level 2. HP: 20/27 MP: 1/1
  1199 | D:2      | You fall into a shaft and drop 1 floor!
  1299 | D:2      | Reached XP level 3. HP: 33/33 MP: 2/2
  1750 | D:3      | HP: 1/33 [orc priest (3)]
  1752 | D:3      | Killed from afar by an orc wizard

Illustrated notes

Levels and vault maps discovered:
D:1:      dpeg_arrival_lava_temple_mockup, layout_basic, hex_large,
          minmay_tromino_v2
D:2:      layout_rooms
D:3:      layout_basic

Skill      XL: |  1  2  3 |
---------------+----------+-----
Axes           | 4 |  4.2
Fighting       | 4 |  4.1
Armour         | 3 |  3.2
Dodging        | |  2.9

Action                   || total
-------------------------++-------
Melee: Hand axe          ||    76
       Headbutt          ||     8
Invok: Berserk           ||     1
 Stab: Sleeping          ||     2
Armor: Animal skin       ||     7
       Ring mail         ||    10
       Leather armour    ||     1
Dodge: Dodged            ||    40
